 Dungeon Crawl Stone Soup version 0.23.0 (webtiles) character file.

Game seed: 991200684594983474

147 MalarOregon the Poker (level 5, 0/42 HPs)
             Began as a Merfolk Skald on Feb 17, 2019.
             Succumbed to an adder's poison
             ... on level 4 of the Dungeon.
             The game lasted 00:05:39 (3872 turns).

MalarOregon the Poker (Merfolk Skald)               Turns: 3872, Time: 00:05:39

Health: 0/42       AC:  3    Str: 12    XL:     5   Next: 29%
Magic:  8/8        EV: 13    Int: 12    God:
Gold:   97         SH:  4    Dex: 14    Spells: 8/8 levels left

rFire    . . .     SeeInvis .   a - +0 spear
rCold    . . .     Gourm    .   g - +0 buckler
rNeg     . . .     Faith    .   b - +0 leather armour
rPois    .         Spirit   .   (no helmet)
rElec    .         Reflect  .   (no cloak)
rCorr    .         Harm     .   (no gloves)
MR       .....                  (no boots)
Stlth    +.........             (no amulet)
HPRegen  0.14/turn              (no ring)
MPRegen  0.11/turn              (no ring)

@: lethally poisoned (0 -> -5)
A: change form in water, swift swim, stealthy swim
a: no special abilities


You were on level 4 of the Dungeon.
You were not hungry.

You visited 1 branch of the dungeon, and saw 4 of its levels.

You collected 97 gold pieces.

Inventory:

Hand Weapons
 a - a +0 spear (weapon)
Armour
 b - a +0 leather armour (worn)
 g - a +0 buckler (worn)
   (You found it on level 4 of the Dungeon)
 i - a +2 buckler
   (You found it on level 4 of the Dungeon)
Wands
 d - a wand of iceblast (12)
   (You took it off Ijyb on level 4 of the Dungeon)
Scrolls
 f - 2 scrolls of teleportation {@r4}
 h - a scroll of amnesia
 j - a scroll of identify {@r1}
 l - a scroll of blinking {unknown}
Potions
 c - a potion of flight
Comestibles
 e - 10 rations {!d}
 k - a chunk of flesh


   Skills:
 + Level 3.7 Fighting
 + Level 4.9 Polearms
 - Level 0.6 Armour
 + Level 4.4 Dodging
 + Level 1.0 Shields
 - Level 2.0 Spellcasting
   Level 3.2 Charms


You had 8 spell levels left.
You didn't know any spells.
Your spell library contained the following spells:

 Spells                   Type           Power        Failure   Level  Hunger
 Infusion                 Chrm           #...         14%         1    ##.....
 Song of Slaying          Chrm           #.......     21%         2    ###....
 Shroud of Golubria       Chrm/Tloc      #.........   38%         2    ###....
 Regeneration             Chrm/Necr      #.........   63%         3    ####...
 Spectral Weapon          Hex/Chrm       #.......     63%         3    ####...


Dungeon Overview and Level Annotations

Branches:
Dungeon (4/15)
 Temple: D:4-7

Altars:
Fedhas
Gozag
Hepliaklqana
Yredelemnul
Zin


Message History

a +0 club; a +0 leather armour; the goblin corpse of Ijyb You butcher the goblin corpse of Ijyb.
k - a chunk of flesh
Things that are here:
a +0 club; a +0 leather armour; the goblin skeleton of Ijyb There isn't anything to butcher here.
There is an open door, spattered with blood here.
You start resting.
The adder is too close now for your liking.
The adder hisses angrily.
The adder bites you.
You are poisoned.
The adder poisons you!
You hit the adder but do no damage.
You feel sick. The adder bites you.
* * * LOW HITPOINT WARNING * * *
You are more poisoned.
The adder poisons you!
You closely miss the adder.
You feel sick. The adder barely misses you.
You miss the adder.
You feel sick. The adder bites you.
* * * LOW HITPOINT WARNING * * *
You hit the adder. The adder bites you.
* * * LOW HITPOINT WARNING * * *
You closely miss the adder.
You feel sick. The adder misses you.
You miss the adder. The adder bites you.
* * * LOW HITPOINT WARNING * * *
You are more poisoned.
The adder poisons you! The adder misses you.
You barely miss the adder.
* * * LOW HITPOINT WARNING * * *
You feel sick. The adder misses you.
You hit the adder.
* * * LOW HITPOINT WARNING * * *
You feel sick. The adder bites you.
* * * LOW HITPOINT WARNING * * *
You hit the adder.
* * * LOW HITPOINT WARNING * * *
You feel sick. The adder closely misses you.
You barely miss the adder.
* * * LOW HITPOINT WARNING * * *
You feel sick. The adder closely misses you.
You hit the adder. The adder closely misses you. x2
Unknown command.
You barely miss the adder.
* * * LOW HITPOINT WARNING * * *
You feel sick. The adder bites you.
* * * LOW HITPOINT WARNING * * *
You hit the adder.
You kill the adder!
Your Shields skill increases to level 1!
You die...

...............#....#
...............#....#
...............#....#
...............#....#
...............#....#
...............###'###
.#############.<.....#
.# #.....#.......# .#
+.....#..@....# .#
#.....#.......# .#
#.....'.......# .#
#.....#.......# ##
############'##
.......)# ........#
........# #####...#


There were no monsters in sight!

Vanquished Creatures
  Ijyb (D:4)
  An orc wizard (D:4)
  3 adders
  2 worms
  2 dart slugs
  5 leopard geckos
  An orc (D:4)
  5 giant cockroaches
  5 goblins
  4 hobgoblins (D:1)
  4 jackals (D:2)
  5 kobolds
  3 quokkas
  A ball python (D:3)
  7 bats
  3 frilled lizards
  2 rats (D:2)
54 creatures vanquished.

Notes
Turn   | Place    | Note
-------+----------+-------------------------------------------
     0 | D:1      | MalarOregon the Merfolk Skald began the quest for the Orb.
     0 | D:1      | Reached XP level 1. HP: 16/16 MP: 3/3
   223 | D:1      | Reached XP level 2. HP: 18/23 MP: 5/5
   838 | D:2      | Reached XP level 3. HP: 21/28 MP: 6/6
  1058 | D:2      | Found a glowing silver altar of Zin.
  1092 | D:2      | Found an opulent altar of Gozag.
  1507 | D:2      | Found a blossoming altar of Fedhas.
  1841 | D:3      | Reached XP level 4. HP: 11/35 MP: 7/7
  2072 | D:3      | Found a basalt altar of Yredelemnul.
  2756 | D:3      | Found a hazy altar of Hepliaklqana.
  3672 | D:4      | Noticed Ijyb
  3741 | D:4      | Killed Ijyb
  3741 | D:4      | Reached XP level 5. HP: 7/41 MP: 8/8
  3871 | D:4      | HP: 1/41 [adder (2)]
  3872 | D:4      | Reached skill level 1 in Shields
  3872 | D:4      | Succumbed to an adder's poison

Skill      XL: |  1  2  3  4  5 |
---------------+----------------+-----
Dodging        | 3 4 |  4.4
Polearms       | 4 |  4.9
Fighting       | 3 |  3.7
Shields        | 1 |  1.0
Armour         | |  0.6
Spellcasting   | |  2.0
Charms         | |  3.2

Action                   |  1- 3 |  4- 6 || total
-------------------------+-------+-------++-------
Melee: Spear             |   186 |   177 ||   363
  Use: Potion            |     1 |       ||     1
       Scroll            |       |     5 ||     5
 Stab: Sleeping          |     4 |     1 ||     5
  Eat: Chunk             |     3 |     4 ||     7
       Ration            |       |     1 ||     1
Armor: Leather armour    |    38 |    18 ||    56
Dodge: Dodged            |   102 |    78 ||   180
Block: Buckler           |       |     8 ||     8
